 Dungeon Crawl Stone Soup version 0.27.1-1-g398f81649c (webtiles) character file.

Game seed: 17213431351827906558

1699 DearestLeader the Archer (level 8, -1/66 HPs)
             Began as a Minotaur Hunter on Sept 10, 2021.
             Was a Believer of Okawaru.
             Slain by Dowan (5 damage)
             ... on level 7 of the Dungeon.
             The game lasted 00:09:20 (5453 turns).

DearestLeader the Archer (Minotaur Hunter)          Turns: 5453, Time: 00:09:20

Health: -1/66      AC: 12    Str: 19    XL:     8   Next: 73%
Magic:  9/9        EV:  8    Int:  8    God:    Okawaru [**....]
Gold:   391        SH:  0    Dex: 11    Spells: 7/7 levels left

rFire    . . .     SeeInvis .   a - +1 shortbow
rCold    . . .     Faith    .   (shield currently unavailable)
rNeg     . . .     Spirit   .   s - +0 chain mail
rPois    .         Reflect  .   (helmet restricted)
rElec    .         Harm     .   h - +0 cloak
rCorr    .         Rampage  .   m - +1 pair of gloves
Will     .....                  (no boots)
Stlth    ..........             (no amulet)
HPRegen  0.21/turn              (no ring)
MPRegen  0.11/turn              (no ring)

@: no status effects
A: horns 2, retaliatory headbutt
a: Renounce Religion, Heroism


You were on level 7 of the Dungeon.
You worshipped Okawaru.
Okawaru was pleased with you.
You visited 1 branch of the dungeon, and saw 7 of its levels.

You collected 391 gold pieces.

Inventory:

Hand Weapons
 a - a +1 shortbow (weapon)
 b - a +0 short sword
 e - a +0 whip
 p - a +0 war axe
 y - a +4 scythe of venom
Missiles
 d - 10 arrows (quivered ammo)
Armour
 c - a +0 leather armour
 f - a +0 ring mail
 h - a +0 cloak (worn)
 m - a +1 pair of gloves (worn)
 s - a +0 chain mail (worn)
Jewellery
 v - an amulet of faith
Wands
 x - a wand of acid (6)
Scrolls
 l - 4 scrolls of teleportation
 o - 3 scrolls of magic mapping
 q - a scroll of summoning {unknown}
 t - a scroll of amnesia {unknown}
 w - a scroll of fog {unknown}
 A - a scroll of vulnerability {unknown}
 B - 2 scrolls of fear {unknown}
Potions
 g - a potion of degeneration
 i - 2 potions of might
 j - 2 potions of curing {unknown}
 k - 2 potions of heal wounds {unknown}
 n - a potion of ambrosia {unknown}
 r - 3 potions of mutation {unknown}
 u - 2 potions of invisibility {unknown}
 z - a potion of attraction {unknown}


   Skills:
 - Level 4.0 Fighting
 * Level 11.0 Bows
 - Level 4.0 Armour
 - Level 2.1 Dodging
 - Level 0.7 Stealth
 + Level 3.9 Invocations


You had 7 spell levels left.
You didn't know any spells.
Your spell library contained the following spells:

 Spells                   Type           Power      Damage    Failure   Level
 Static Discharge         Conj/Air       0%         N/A       100%        2
 Dispel Undead            Necr           0%         3d6       100%        4
 Sticky Flame             Conj/Fire      0%         2d3       100%        4


Dungeon Overview and Level Annotations

Branches:
Dungeon (7/15)             Temple (0/1) D:5

Altars:
Hepliaklqana
Kikubaaqudgha
Nemelex Xobeh
Okawaru
Trog
Vehumet
Zin
The Shining One

Shops:
D:2 ?

Annotations:
D:4 2 runed translucent doors, TangoThomas's ghost, novice DsAK
D:5 2 runed translucent doors, Linguinho's ghost, amateur GrFi
D:7 Dowan


Innate Abilities, Weirdness & Mutations

You have a pair of horns on your head.
You reflexively headbutt those who attack you in melee.


Message History

Aim: Dowan, wielding a +0 dagger and wearing a +0 robe (fast, 56% to hit)
You shoot an arrow. The arrow barely misses Dowan.
The arrow hits the goblin zombie!
You destroy the goblin zombie!
Okawaru accepts your kill. Dowan closely misses you.
Fire: 14 arrows
Press: ? - help, Q - select action, (/) - cycle Shift-Dir - straight line, f/p - Dowan
Aim: Dowan, wielding a +0 dagger and wearing a +0 robe (fast, 56% to hit)
You shoot an arrow. The arrow hits Dowan!
Dowan is severely wounded.
Dowan hits you but does no damage. Dowan casts a spell at you.
The shard of ice hits you!
* * * LOW HITPOINT WARNING * * *
Fire: 13 arrows
Press: ? - help, Q - select action, (/) - cycle Shift-Dir - straight line, f/p - Dowan
Aim: Dowan, wielding a +0 dagger and wearing a +0 robe (severely wounded, fast, 56% to hit)
You shoot an arrow. The arrow hits Dowan.
Dowan is severely wounded.
Dowan points at you and mumbles some strange words.
The stone arrow hits you but does no damage.
Okay, then.
Fire: 12 arrows
Press: ? - help, Q - select action, (/) - cycle Shift-Dir - straight line, f/p - Dowan
Aim: Dowan, wielding a +0 dagger and wearing a +0 robe (severely wounded, fast, 56% to hit)
You shoot an arrow. The arrow hits Dowan.
Dowan is almost dead.
Dowan points at you and mumbles some strange words.
The stone arrow hits you!
* * * LOW HITPOINT WARNING * * *
Unknown command.
Fire: 11 arrows
Press: ? - help, Q - select action, (/) - cycle Shift-Dir - straight line, f/p - Dowan
Aim: Dowan, wielding a +0 dagger and wearing a +0 robe (almost dead, fast, 54% to hit)
You shoot an arrow.
The arrow hits Dowan but does no damage.
Dowan is almost dead.
Dowan hits you with a +0 dagger.
You die...

.###########################.#
..............†..............#
........########################
.######.######## .....
................### .####
###...............
#.###.#######..#
###.###.########.######
........(..(((e@.......
........##..#####.###.#
............# # .((.........#
###### .###.####.Z## #..... #(+
#..# #.#### #(. ##e.# #.#... ..
#(..# #.#<#. .._Z.(.(.# #.###.


You could see Dowan (fast).

Vanquished Creatures
  Sigmund (D:6)
  Duvessa (D:7)
  2 black bears
  A necrophage (D:7)
  2 phantoms (D:4)
  2 bullfrogs
  A scorpion (D:4)
  A water moccasin skeleton (D:5)
  A bullfrog zombie (D:6)
  An iron imp (D:7)
  A jelly (D:5)
  8 hounds
  2 centaur zombies (D:6)
  4 orc priests
  A gnoll shaman (D:5)
  An iguana (D:5)
  Natasha (thrice) (D:3)
  A gnoll (D:5)
  2 adders (D:3)
  2 white imps (D:6)
  2 ufetubi
  An adder zombie (D:5)
  An adder skeleton (D:4)
  A worm (D:3)
  2 dart slugs
  15 orcs
  5 ball pythons
  7 endoplasms
  3 giant cockroaches
  3 goblins
  7 hobgoblins
  8 jackals
  A quokka (D:3)
  2 bats
  A frilled lizard (D:1)
  A goblin zombie (D:7)
  A hobgoblin zombie (D:7)
  7 kobolds
  3 orc skeletons (D:7)
  6 rats
115 creatures vanquished.

Vanquished Creatures (others)
  16 plants (D:4)
16 creatures vanquished.

Grand Total: 131 creatures vanquished

Notes
Turn   | Place    | Note
-------+----------+-------------------------------------------
     0 | D:1      | DearestLeader the Minotaur Hunter began the quest for the
                  | Orb.
     0 | D:1      | Reached XP level 1. HP: 18/18 MP: 0/0
   187 | D:1      | Reached XP level 2. HP: 21/25 MP: 1/1
   373 | D:1      | Reached skill level 5 in Bows
   979 | D:2      | Found Decex's Magic Scroll Shoppe.
   999 | D:2      | Reached skill level 1 in Armour
  1138 | D:2      | Reached XP level 3. HP: 30/30 MP: 2/2
  1701 | D:3      | Reached XP level 4. HP: 23/37 MP: 3/3
  1706 | D:3      | Reached skill level 6 in Bows
  1856 | D:3      | Noticed Natasha
  1863 | D:3      | Killed Natasha
  2148 | D:3      | Noticed Natasha
  2152 | D:3      | Killed Natasha
  2153 | D:3      | Reached XP level 5. HP: 42/42 MP: 4/4
  2180 | D:3      | Noticed Natasha
  2185 | D:3      | Killed Natasha
  2406 | D:3      | Reached skill level 7 in Bows
  2438 | D:4      | Reached XP level 6. HP: 36/50 MP: 5/5
  2621 | D:4      | Found a runed translucent door.
  2622 | D:4      | Noticed TangoThomas's ghost (novice DsAK)
  2838 | D:4      | Found a runed translucent door.
  2892 | D:4      | Found a glowing silver altar of Zin.
  2893 | D:4      | Found a bloodstained altar of Trog.
  2893 | D:4      | Found an iron altar of Okawaru.
  2894 | D:4      | Found a radiant altar of Vehumet.
  2905 | D:4      | Reached skill level 8 in Bows
  2930 | D:4      | Became a worshipper of Warmaster Okawaru
  3084 | D:4      | Reached XP level 7. HP: 6/56 MP: 6/6
  3408 | D:4      | Found a sparkling altar of Nemelex Xobeh.
  3681 | D:5      | Entered Level 5 of the Dungeon
  3702 | D:5      | Found a staircase to the Ecumenical Temple.
  3733 | D:5      | Found a large runed translucent door.
  3733 | D:5      | Found a large runed translucent door.
  3737 | D:5      | Noticed Linguinho's ghost (amateur GrFi)
  3750 | D:5      | Reached skill level 9 in Bows
  3869 | D:5      | Reached * piety under Okawaru
  4096 | D:5      | Reached skill level 1 in Invocations
  4145 | D:5      | Reached XP level 8. HP: 54/66 MP: 8/8
  4984 | D:6      | Reached skill level 10 in Bows
  5000 | D:6      | Found an ancient bone altar of Kikubaaqudgha.
  5000 | D:6      | Found a hazy altar of Hepliaklqana.
  5083 | D:6      | Noticed Sigmund
  5095 | D:6      | Killed Sigmund
  5095 | D:6      | Reached ** piety under Okawaru
  5414 | D:7      | Found a glowing golden altar of the Shining One.
  5414 | D:7      | Noticed Duvessa
  5427 | D:7      | Noticed Dowan
  5448 | D:7      | Killed Duvessa
  5449 | D:7      | Reached skill level 11 in Bows
  5453 | D:7      | Slain by Dowan

Illustrated notes

Levels and vault maps discovered:
D:1:      eino_arrival_water_cross, layout_basic
D:2:      layout_basic, serial_shops, shop
D:3:      layout_rooms, uniq_natasha
D:4:      layout_rooms, nemelex_altar_shiori,
          chequers_temple_overflow_statue_of_worship, ebering_ghost_sewer_f,
          serial_bayou_lake_a
D:5:      layout_loops_cross, minmay_temple_entry_waves,
          ebering_ghost_disaster_area, minmay_between
D:6:      layout_basic, gammafunk_temple_overflow_elements, grunt_decor_cap,
          uniq_sigmund
D:7:      layout_basic, nicolae_tso_besieged_by_evil, uniq_duvessa

Skill      XL: |  1  2  3  4  5  6  7  8 |
---------------+-------------------------+-----
Bows           | 5 6 7 8 9 11 | 11.0
Armour         | 1 2 3 4 |  4.0
Fighting       | 4 |  4.0
Invocations    | 1 3 |  3.9
Dodging        | |  2.1
Stealth        | |  0.7

Action                   |  1- 3 |  4- 6 |  7- 9 || total
-------------------------+-------+-------+-------++-------
Melee: Whip              |    71 |    10 |       ||    81
       Short sword       |     7 |       |       ||     7
       Headbutt          |     7 |       |       ||     7
 Fire: Shortbow          |    14 |   146 |   188 ||   348
  Use: Scroll            |     2 |       |     2 ||     4
Armor: Ring mail         |    30 |    29 |       ||    59
       Leather armour    |     2 |       |       ||     2
       Chain mail        |       |       |    51 ||    51
Dodge: Dodged            |    46 |    45 |    39 ||   130
